 Dungeon Crawl Stone Soup version 0.27-a0-1006-g1fd4cec11e (webtiles) character file.

Game seed: 10580122634732156079

63 siradein the Cudgeller (level 3, 0/29 HPs)
             Began as a Demonspawn Fighter on Apr 17, 2021.
             Slain by an orc
             ... wielding a +0 trident
              (2 damage)
             ... on level 3 of the Dungeon.
             The game lasted 00:02:48 (1874 turns).

siradein the Cudgeller (Demonspawn Fighter)         Turns: 1874, Time: 00:02:48

Health: 0/29       AC:  7    Str: 17    XL:     3   Next: 89%
Magic:  3/3        EV:  6    Int:  9    God:
Gold:   175        SH:  8    Dex: 12    Spells: 2/2 levels left

rFire    . . .     SeeInvis .   a - +0 flail
rCold    . . .     Faith    .   c - +0 kite shield
rNeg     . . .     Spirit   .   b - +0 scale mail
rPois    .         Reflect  .   (helmet restricted)
rElec    .         Harm     .   (no cloak)
rCorr    .         Rampage  .   m - +0 pair of gloves
Will     .....                  (no boots)
Stlth    ..........             (no amulet)
HPRegen  0.09/turn              (no ring)
MPRegen  0.08/turn              (no ring)

@: no status effects
A: antennae 1, claws 1
a: no special abilities


You were on level 3 of the Dungeon.
You visited 1 branch of the dungeon, and saw 3 of its levels.

You collected 175 gold pieces.

Inventory:

Hand Weapons
 a - a +0 flail (weapon)
Missiles
 p - 5 poisoned darts (quivered)
Armour
 b - a +0 scale mail (worn)
 c - a +0 kite shield (worn)
 m - a +0 pair of gloves (worn)
Scrolls
 f - a scroll of noise {unknown}
 g - a scroll of immolation
 l - a scroll of fog {unknown}
 n - a scroll of amnesia {unknown}
 q - a scroll of vulnerability {unknown}
 r - a scroll of holy word {unknown}
 s - a scroll of identify {unknown}
Potions
 d - 2 potions of might
 e - a potion of berserk rage {unknown}
 h - a potion of mutation {unknown}
 i - a potion of invisibility {unknown}
 j - a potion of heal wounds {unknown}
 k - a potion of attraction {unknown}
 o - a potion of brilliance {unknown}


   Skills:
 - Level 3.0 Fighting
 + Level 3.9 Maces & Flails
 - Level 2.6 Armour
 - Level 2.6 Shields


You had 2 spell levels left.
You didn't know any spells.
Your spell library contained the following spells:

 Spells                   Type           Power      Damage    Failure   Level
 Animate Skeleton         Necr           0%         N/A       100%        1
 Apportation              Tloc           0%         N/A       100%        1
 Corona                   Hex            0%         N/A       100%        1
 Summon Small Mammal      Summ           0%         N/A       100%        1


Dungeon Overview and Level Annotations

Branches:
Dungeon (3/15)

Altars:
Trog


Innate Abilities, Weirdness & Mutations

You have a pair of small antennae on your head.
You have sharp fingernails.


Message History

2 orcs come into view.
The orc shouts!
You block the orc's attack.
The orc hits you from afar with a +0 trident.
You barely miss the orc. You block the orc's attack.
The orc hits you from afar with a +0 trident.
You block the orc's attack.
You barely miss the orc. You block the orc's attack.
You hit the orc.
The orc is heavily wounded.
The orc hits you but does no damage.
You sock the orc!
You kill the orc!
The orc hits you with a +0 dagger.
You hit the orc but do no damage.
The orc is heavily wounded.
The orc hits you with a +0 dagger.
You hit the orc.
The orc is heavily wounded.
The orc hits you with a +0 dagger.
You thump the orc!
You kill the orc!
You block the orc's attack. x2
You closely miss the orc. You block the orc's attack.
The orc hits you but does no damage.
You hit the orc but do no damage. The orc hits you with a +0 flail.
The orc barely misses you. You block the orc's attack. x2
You closely miss the orc. You block the orc's attack. x2
You sock the orc!
You kill the orc!
The orc hits you from afar with a +0 trident.
The orc hits you with a +0 trident!
* * * LOW HITPOINT WARNING * * *
Items here: ))) [ †††.
You hit the orc.
The orc is heavily wounded.
The orc hits you with a +0 trident.
* * * LOW HITPOINT WARNING * * *
The orc hits you with a +0 trident.
You die...

..# #.# ..# #.# ##.#
######### .o#
#.......# #o#
#.......# #@#
.#.......# #.#
.........#######.###
#.................#
#.......####..#.#!#
#(......##......#.#
#######.##^#..### #
#### #.##.#..#
...#####........


You could see 2 orcs.

Vanquished Creatures
  An adder (D:2)
  A worm (D:2)
  3 orcs (D:3)
  3 endoplasms
  2 giant cockroaches (D:1)
  3 goblins (D:1)
  4 hobgoblins
  5 jackals (D:1)
  2 quokkas (D:1)
  7 ball pythons
  2 bats
  2 frilled lizards
  5 kobolds
  6 rats
46 creatures vanquished.

Notes
Turn   | Place    | Note
-------+----------+-------------------------------------------
     0 | D:1      | siradein the Demonspawn Fighter began the quest for the
                  | Orb.
     0 | D:1      | Reached XP level 1. HP: 18/18 MP: 1/1
    80 | D:1      | Gained mutation: You have a pair of small antennae on your
                  | head. [demonic ancestry]
    80 | D:1      | Reached XP level 2. HP: 12/24 MP: 2/2
   309 | D:1      | Found a faded altar of an unknown god.
   867 | D:2      | Gained mutation: You have sharp fingernails. [demonic
                  | ancestry]
   867 | D:2      | Reached XP level 3. HP: 29/29 MP: 3/3
   940 | D:2      | Found a bloodstained altar of Trog.
  1874 | D:3      | Slain by an orc

Illustrated notes

Levels and vault maps discovered:
D:1:      amcnicky_arrival_flooded_fountain, layout_rooms,
          hellmonk_ecumenical_altar_blasted, serial_bayou_pond_b
D:2:      layout_loops_ring, basic_altar, minmay_curled_crystal
D:3:      layout_loops_cross, amethyst_killhole

Skill      XL: |  1  2 |
---------------+-------+-----
Maces & Flails | 2 3 |  3.9
Fighting       | |  3.0
Armour         | |  2.6
Shields        | |  2.6

Action                   || total
-------------------------++-------
Melee: Flail             ||   145
Armor: Scale mail        ||    83
Dodge: Dodged            ||    50
Block: Kite shield       ||    86

Table legend: (Time is in decaauts)
 A = Elapsed time spent in this place.
 B = Non-inter-level travel time spent in this place.
 C = Inter-level travel time spent in this place.
 D = Time resting spent in this place.
 E = Time spent auto-exploring this place.
 F = Levels seen in this place.
 G = Mean time per level.
                   A        B        C        D        E       F      G
               +--------+--------+--------+--------+--------+-----+--------+
         Total |   1945 |   1922 |     23 |      0 |   1522 |   3 |  648.3 |
       Dungeon |   1945 |   1922 |     23 |      0 |   1522 |   3 |  648.3 |
               +--------+--------+--------+--------+--------+-----+--------+

Top non-repeatable levels by time:
     D:1: 895 daAuts
     D:2: 810 daAuts
     D:3: 239 daAuts
